[ AOE2 MATCH · #459850954 ]
Team RMPersians vs Mongols
[ REPLAY ANALYSIS · EXTRACTED FROM THE RECORDED GAME ]
Feudal
9:24
Castle
19:01
Imperial
31:47
| APM avg | 26.9 |
| APM peak | 91 |
| eAPM avg | 22.0 |
| Villagers / military | 195 / 30 |
Focus
⚔️ 12.9% · 🌾 87.1%
Archer ×20 · War Elephant ×9 · Trebuchet (Packed) ×1
Feudal
11:47
Castle
15:27
Imperial
34:30
| APM avg | 27.0 |
| APM peak | 84 |
| eAPM avg | 13.8 |
| Villagers / military | 106 / 89 |
Focus
⚔️ 29.0% · 🌾 71.0%
Leitis ×62 · Knight ×20 · Trebuchet (Packed) ×4 · Monk ×3
Feudal
—
Castle
—
Imperial
—
| APM avg | 13.3 |
| APM peak | 35 |
| eAPM avg | 12.3 |
| Villagers / military | 172 / 58 |
Focus
⚔️ 14.8% · 🌾 85.2%
War Elephant ×52 · Trade Cart ×10 · Trebuchet (Packed) ×6
Feudal
11:05
Castle
15:55
Imperial
40:19
| APM avg | 21.2 |
| APM peak | 51 |
| eAPM avg | 10.3 |
| Villagers / military | 68 / 55 |
Focus
⚔️ 30.8% · 🌾 69.2%
Organ Gun ×47 · Battering Ram ×6 · Petard ×2
Feudal
11:10
Castle
16:30
Imperial
32:14
| APM avg | 27.1 |
| APM peak | 70 |
| eAPM avg | 18.4 |
| Villagers / military | 129 / 85 |
Focus
⚔️ 22.7% · 🌾 77.3%
Knight ×47 · Camel Scout ×33 · Trebuchet (Packed) ×5
Feudal
12:26
Castle
16:18
Imperial
32:04
| APM avg | 30.0 |
| APM peak | 59 |
| eAPM avg | 17.8 |
| Villagers / military | 166 / 75 |
Focus
⚔️ 26.4% · 🌾 73.6%
Hand Cannoneer ×46 · Camel Scout ×16 · Bombard Cannon ×11 · Monk ×1 · Trebuchet (Packed) ×1
Feudal
11:21
Castle
17:23
Imperial
—
| APM avg | 8.5 |
| APM peak | 42 |
| eAPM avg | 5.9 |
| Villagers / military | 44 / 13 |
Focus
⚔️ 12.2% · 🌾 87.8%
Ghulam ×10 · Mangonel ×3
Feudal
10:21
Castle
14:45
Imperial
33:05
| APM avg | 15.6 |
| APM peak | 33 |
| eAPM avg | 9.1 |
| Villagers / military | 87 / 47 |
Focus
⚔️ 25.9% · 🌾 74.1%
Mangudai ×38 · Mangonel ×4 · Trebuchet (Packed) ×3 · Petard ×2
Match map
Resources at game start + every placement click. Thick line = wall · dashed box = detected house wall. 🟡 gold · ⚪ stone · 🟢 berries · 🔶 boar · ⭕ relic
Inputs per minute
— Darob - - fabiangvillat
Build order — Darob
First 150 of 388 actions detected
| 0:10 | Build | House |
| 0:12 | Create | Villager (Male) |
| 0:12 | Create | Villager (Male) |
| 0:13 | Create | Villager (Male) |
| 0:48 | Create | Villager (Male) |
| 0:48 | Create | Villager (Male) |
| 0:55 | Build | House |
| 0:56 | Build | House |
| 0:58 | Build | House |
| 1:28 | Research | Loom |
| 1:50 | Create | Villager (Male) |
| 1:50 | Create | Villager (Male) |
| 2:26 | Create | Villager (Male) |
| 2:26 | Create | Villager (Male) |
| 2:45 | Create | Villager (Male) |
| 2:46 | Create | Villager (Male) |
| 3:08 | Build | Lumber Camp |
| 3:14 | Create | Villager (Male) |
| 3:26 | Create | Villager (Male) |
| 3:26 | Create | Villager (Male) |
| 3:27 | Create | Villager (Male) |
| 3:57 | Create | Villager (Male) |
| 3:57 | Create | Villager (Male) |
| 3:57 | Create | Villager (Male) |
| 4:47 | Create | Villager (Male) |
| 4:47 | Create | Villager (Male) |
| 4:47 | Create | Villager (Male) |
| 4:56 | Create | Villager (Male) |
| 4:57 | Create | Villager (Male) |
| 4:57 | Create | Villager (Male) |
| 5:51 | Create | Villager (Male) |
| 5:52 | Create | Villager (Male) |
| 5:52 | Create | Villager (Male) |
| 5:52 | Create | Villager (Male) |
| 5:52 | Create | Villager (Male) |
| 6:01 | Create | Villager (Male) |
| 6:21 | Create | Villager (Male) |
| 6:22 | Create | Villager (Male) |
| 6:54 | Build | Mill |
| 7:20 | Research | Feudal Age |
| 7:20 | Research | Feudal Age |
| 7:20 | Research | Feudal Age |
| 8:07 | Build | Mining Camp |
| 8:16 | Create | Villager (Male) |
| 8:17 | Create | Villager (Male) |
| 8:20 | Build | House |
| 8:21 | Build | House |
| 9:24 | Age | Feudal Age |
| 9:34 | Research | Double-Bit Axe |
| 9:37 | Build | Blacksmith |
| 10:10 | Create | Villager (Male) |
| 10:17 | Create | Villager (Male) |
| 10:23 | Build | Market |
| 10:27 | Create | Villager (Male) |
| 10:27 | Create | Villager (Male) |
| 10:27 | Create | Villager (Male) |
| 10:27 | Create | Villager (Male) |
| 10:43 | Create | Villager (Male) |
| 10:43 | Create | Villager (Male) |
| 10:43 | Create | Villager (Male) |
| 12:10 | Create | Villager (Male) |
| 12:14 | Research | Horse Collar |
| 12:22 | Build | House |
| 12:23 | Build | House |
| 12:50 | Build | Farm |
| 12:52 | Build | Farm |
| 12:54 | Build | Farm |
| 12:57 | Build | Farm |
| 12:58 | Build | Farm |
| 13:01 | Build | Farm |
| 13:03 | Create | Villager (Male) |
| 13:03 | Create | Villager (Male) |
| 13:07 | Build | Farm |
| 13:12 | Build | Farm |
| 13:16 | Build | Farm |
| 13:19 | Build | Farm |
| 13:21 | Create | Villager (Male) |
| 13:25 | Build | Farm |
| 13:35 | Build | House |
| 13:55 | Build | Farm |
| 14:04 | Create | Villager (Male) |
| 14:11 | Build | House |
| 14:44 | Build | Farm |
| 14:46 | Build | Farm |
| 14:48 | Build | Farm |
| 14:55 | Build | Mining Camp |
| 15:04 | Build | Farm |
| 15:06 | Build | Farm |
| 15:10 | Create | Villager (Male) |
| 15:40 | Build | Farm |
| 16:36 | Research | Castle Age |
| 17:11 | Research | Gold Mining |
| 18:35 | Research | Stone Mining |
| 19:01 | Age | Castle Age |
| 19:07 | Build | Town Center |
| 19:44 | Build | Town Center |
| 19:49 | Create | Villager (Male) |
| 19:50 | Create | Villager (Male) |
| 19:50 | Create | Villager (Male) |
| 19:51 | Research | Town Watch |
| 20:09 | Create | Villager (Male) |
| 20:09 | Create | Villager (Male) |
| 20:09 | Create | Villager (Male) |
| 20:09 | Create | Villager (Male) |
| 20:10 | Create | Villager (Male) |
| 20:10 | Create | Villager (Male) |
| 20:44 | Create | Villager (Male) |
| 20:44 | Create | Villager (Male) |
| 21:45 | Build | Watch Tower |
| 22:03 | Research | Fletching |
| 22:05 | Create | Villager (Male) |
| 22:06 | Create | Villager (Male) |
| 22:06 | Create | Villager (Male) |
| 22:06 | Create | Villager (Male) |
| 22:07 | Create | Villager (Male) |
| 22:07 | Create | Villager (Male) |
| 22:07 | Create | Villager (Male) |
| 22:08 | Create | Villager (Male) |
| 22:08 | Create | Villager (Male) |
| 22:29 | Build | Town Center |
| 22:40 | Create | Villager (Male) |
| 22:52 | Create | Villager (Male) |
| 22:52 | Create | Villager (Male) |
| 23:05 | Create | Villager (Male) |
| 23:05 | Create | Villager (Male) |
| 23:06 | Create | Villager (Male) |
| 23:06 | Create | Villager (Male) |
| 23:15 | Build | University |
| 23:19 | Create | Villager (Male) |
| 23:19 | Create | Villager (Male) |
| 23:19 | Create | Villager (Male) |
| 23:21 | Build | Farm |
| 23:23 | Build | Farm |
| 23:27 | Build | Farm |
| 23:38 | Build | Farm |
| 23:56 | Build | Farm |
| 24:01 | Build | Farm |
| 24:03 | Build | Farm |
| 24:17 | Build | Watch Tower |
| 24:51 | Build | Farm |
| 25:03 | Build | Farm |
| 25:05 | Build | Farm |
| 25:08 | Build | Farm |
| 25:31 | Build | Farm |
| 25:34 | Build | Farm |
| 25:37 | Build | Farm |
| 25:37 | Create | Villager (Male) |
| 25:38 | Create | Villager (Male) |
| 25:38 | Create | Villager (Male) |
| 25:38 | Create | Villager (Male) |
Build order — fabiangvillat
First 150 of 315 actions detected
| 0:02 | Build | House |
| 0:04 | Build | House |
| 0:04 | Create | Villager (Male) |
| 0:04 | Create | Villager (Male) |
| 0:04 | Create | Villager (Male) |
| 0:05 | Create | Villager (Male) |
| 0:05 | Create | Villager (Male) |
| 0:28 | Build | Lumber Camp |
| 1:03 | Create | Villager (Male) |
| 1:04 | Create | Villager (Male) |
| 2:16 | Create | Villager (Male) |
| 2:31 | Create | Villager (Male) |
| 2:31 | Create | Villager (Male) |
| 3:01 | Create | Villager (Male) |
| 3:01 | Create | Villager (Male) |
| 3:31 | Build | House |
| 3:40 | Build | House |
| 3:42 | Create | Villager (Male) |
| 3:42 | Create | Villager (Male) |
| 3:50 | Create | Villager (Male) |
| 3:50 | Create | Villager (Male) |
| 4:10 | Build | Building 800 |
| 4:25 | Build | Building 796 |
| 4:34 | Build | Palisade Wall |
| 4:36 | Build | Palisade Wall |
| 4:37 | Build | Palisade Wall |
| 4:41 | Build | Palisade Wall |
| 4:43 | Build | Palisade Wall |
| 4:48 | Create | Villager (Male) |
| 4:48 | Create | Villager (Male) |
| 4:49 | Create | Villager (Male) |
| 4:49 | Create | Villager (Male) |
| 5:23 | Create | Villager (Male) |
| 5:23 | Create | Villager (Male) |
| 5:24 | Create | Villager (Male) |
| 5:25 | Create | Villager (Male) |
| 6:08 | Build | House |
| 6:10 | Create | Villager (Male) |
| 6:37 | Create | Villager (Male) |
| 6:37 | Create | Villager (Male) |
| 6:40 | Build | Mill |
| 7:02 | Build | Building 800 |
| 7:06 | Build | Palisade Wall |
| 7:41 | Build | Farm |
| 7:43 | Build | Farm |
| 7:48 | Build | Farm |
| 7:55 | Build | Farm |
| 8:22 | Create | Villager (Male) |
| 8:22 | Create | Villager (Male) |
| 8:22 | Create | Villager (Male) |
| 8:23 | Create | Villager (Male) |
| 8:56 | Build | Mining Camp |
| 9:29 | Research | Feudal Age |
| 10:00 | Build | Farm |
| 11:14 | Build | House |
| 11:35 | Create | Villager (Male) |
| 11:35 | Create | Villager (Male) |
| 11:47 | Age | Feudal Age |
| 11:50 | Build | Blacksmith |
| 11:52 | Build | Market |
| 12:37 | Build | Lumber Camp |
| 12:47 | Research | Castle Age |
| 12:48 | Research | Castle Age |
| 12:52 | Research | Double-Bit Axe |
| 14:11 | Build | Barracks |
| 15:27 | Age | Castle Age |
| 15:33 | Build | Monastery |
| 15:40 | Build | Stable |
| 15:43 | Create | Villager (Male) |
| 15:43 | Create | Villager (Male) |
| 16:10 | Create | Villager (Male) |
| 16:20 | Create | Monk |
| 16:20 | Create | Monk |
| 16:26 | Build | House |
| 16:27 | Build | House |
| 17:02 | Build | Town Center |
| 17:36 | Build | Farm |
| 17:42 | Create | Monk |
| 17:51 | Build | House |
| 17:52 | Create | Villager (Male) |
| 17:52 | Create | Villager (Male) |
| 17:53 | Create | Villager (Male) |
| 18:35 | Create | Villager (Male) |
| 18:35 | Create | Villager (Male) |
| 18:35 | Create | Villager (Male) |
| 18:43 | Create | Villager (Male) |
| 18:43 | Create | Villager (Male) |
| 19:06 | Build | Farm |
| 19:08 | Research | Bow Saw |
| 19:11 | Build | Lumber Camp |
| 19:13 | Create | Villager (Male) |
| 19:13 | Create | Villager (Male) |
| 19:25 | Create | Villager (Male) |
| 19:25 | Create | Villager (Male) |
| 19:36 | Create | Knight |
| 19:37 | Create | Knight |
| 19:42 | Build | Farm |
| 19:44 | Create | Villager (Male) |
| 19:44 | Create | Villager (Male) |
| 19:49 | Create | Villager (Male) |
| 19:53 | Build | Town Center |
| 20:24 | Build | Farm |
| 20:27 | Build | Farm |
| 20:30 | Create | Knight |
| 20:34 | Create | Villager (Male) |
| 20:34 | Create | Villager (Male) |
| 20:41 | Create | Villager (Male) |
| 20:44 | Build | Farm |
| 20:56 | Build | Farm |
| 20:57 | Build | Farm |
| 20:57 | Build | Farm |
| 20:58 | Build | Farm |
| 21:01 | Create | Villager (Male) |
| 21:01 | Create | Villager (Male) |
| 21:19 | Build | House |
| 21:21 | Build | House |
| 21:21 | Build | House |
| 21:21 | Build | House |
| 21:21 | Build | House |
| 21:53 | Create | Knight |
| 21:54 | Create | Knight |
| 22:16 | Research | Scale Barding Armor |
| 22:23 | Create | Villager (Male) |
| 22:23 | Create | Villager (Male) |
| 22:36 | Create | Villager (Male) |
| 22:36 | Create | Villager (Male) |
| 22:37 | Create | Villager (Male) |
| 22:37 | Create | Villager (Male) |
| 22:40 | Build | Farm |
| 22:54 | Create | Knight |
| 22:54 | Create | Knight |
| 23:04 | Create | Villager (Male) |
| 23:04 | Create | Villager (Male) |
| 23:20 | Create | Villager (Male) |
| 23:21 | Create | Villager (Male) |
| 23:31 | Create | Knight |
| 23:31 | Create | Knight |
| 23:36 | Build | Farm |
| 23:37 | Build | Farm |
| 23:37 | Build | Farm |
| 23:37 | Build | Farm |
| 23:37 | Build | Farm |
| 23:43 | Build | Farm |
| 23:43 | Build | Farm |
| 23:43 | Build | Farm |
| 23:43 | Build | Farm |
| 23:44 | Build | Farm |
| 23:47 | Create | Villager (Male) |
| 23:47 | Create | Villager (Male) |
| 23:50 | Create | Knight |
Build order — BP Charly
First 150 of 308 actions detected
| 0:01 | Create | Villager (Male) |
| 0:02 | Create | Villager (Male) |
| 0:02 | Create | Villager (Male) |
| 0:02 | Create | Villager (Male) |
| 0:02 | Create | Villager (Male) |
| 0:05 | Build | House |
| 0:08 | Build | House |
| 1:29 | Create | Villager (Male) |
| 1:43 | Build | Lumber Camp |
| 2:11 | Create | Villager (Male) |
| 2:11 | Create | Villager (Male) |
| 2:31 | Create | Villager (Male) |
| 2:31 | Create | Villager (Male) |
| 3:08 | Create | Villager (Male) |
| 3:30 | Create | Villager (Male) |
| 3:31 | Create | Villager (Male) |
| 3:39 | Build | House |
| 3:51 | Create | Villager (Male) |
| 3:51 | Create | Villager (Male) |
| 4:06 | Build | Mill |
| 4:24 | Create | Villager (Male) |
| 4:24 | Create | Villager (Male) |
| 4:24 | Create | Villager (Male) |
| 4:50 | Build | Farm |
| 4:59 | Build | Farm |
| 5:14 | Create | Villager (Male) |
| 5:14 | Create | Villager (Male) |
| 5:28 | Create | Villager (Male) |
| 5:29 | Create | Villager (Male) |
| 5:49 | Build | House |
| 6:01 | Create | Villager (Male) |
| 6:01 | Create | Villager (Male) |
| 6:01 | Create | Villager (Male) |
| 6:04 | Create | Villager (Male) |
| 6:04 | Create | Villager (Male) |
| 6:32 | Create | Villager (Male) |
| 6:32 | Create | Villager (Male) |
| 6:32 | Create | Villager (Male) |
| 6:58 | Build | Lumber Camp |
| 7:08 | Build | House |
| 7:48 | Create | Villager (Male) |
| 8:04 | Create | Villager (Male) |
| 8:12 | Build | Mining Camp |
| 8:48 | Research | Feudal Age |
| 9:30 | Create | Villager (Male) |
| 9:30 | Create | Villager (Male) |
| 10:54 | Build | Market |
| 11:02 | Build | Blacksmith |
| 11:57 | Research | Loom |
| 12:55 | Build | House |
| 12:58 | Build | House |
| 13:02 | Build | Building 487 |
| 13:06 | Build | House |
| 13:07 | Build | House |
| 13:11 | Build | Building 490 |
| 13:21 | Build | Mining Camp |
| 13:24 | Research | Double-Bit Axe |
| 14:32 | Research | Castle Age |
| 14:58 | Create | Villager (Male) |
| 14:58 | Create | Villager (Male) |
| 14:58 | Create | Villager (Male) |
| 16:00 | Build | Farm |
| 16:01 | Build | Farm |
| 16:01 | Build | Farm |
| 16:02 | Build | Farm |
| 16:02 | Build | Farm |
| 16:03 | Build | Farm |
| 16:59 | Build | Town Center |
| 17:09 | Build | Town Center |
| 17:14 | Create | Villager (Male) |
| 17:21 | Research | Bow Saw |
| 17:22 | Research | Horse Collar |
| 17:35 | Build | House |
| 17:36 | Build | House |
| 17:37 | Build | House |
| 18:15 | Create | Villager (Male) |
| 18:16 | Create | Villager (Male) |
| 18:16 | Create | Villager (Male) |
| 18:16 | Create | Villager (Male) |
| 19:02 | Create | Villager (Male) |
| 19:02 | Create | Villager (Male) |
| 19:07 | Create | Villager (Male) |
| 19:07 | Create | Villager (Male) |
| 19:11 | Create | Villager (Male) |
| 19:21 | Build | Farm |
| 19:21 | Build | Farm |
| 19:21 | Build | Farm |
| 19:22 | Build | Farm |
| 19:25 | Create | Villager (Male) |
| 19:26 | Create | Villager (Male) |
| 19:36 | Build | Farm |
| 19:37 | Build | Farm |
| 19:52 | Build | House |
| 19:54 | Build | House |
| 19:57 | Build | House |
| 19:59 | Build | House |
| 20:02 | Build | House |
| 20:04 | Build | House |
| 20:05 | Build | House |
| 20:07 | Create | Villager (Male) |
| 20:07 | Create | Villager (Male) |
| 20:07 | Create | Villager (Male) |
| 20:43 | Build | Castle |
| 20:45 | Build | Mining Camp |
| 20:47 | Create | Villager (Male) |
| 20:48 | Create | Villager (Male) |
| 20:48 | Create | Villager (Male) |
| 20:48 | Create | Villager (Male) |
| 20:49 | Create | Villager (Male) |
| 20:49 | Create | Villager (Male) |
| 20:54 | Build | Farm |
| 20:54 | Build | Farm |
| 21:29 | Create | Villager (Male) |
| 21:29 | Create | Villager (Male) |
| 21:30 | Create | Villager (Male) |
| 21:30 | Create | Villager (Male) |
| 21:30 | Create | Villager (Male) |
| 21:44 | Create | Villager (Male) |
| 21:45 | Create | Villager (Male) |
| 21:56 | Build | Farm |
| 21:56 | Build | Farm |
| 22:08 | Build | House |
| 22:11 | Build | House |
| 22:18 | Create | Villager (Male) ×4 |
| 22:18 | Create | Villager (Male) ×4 |
| 22:31 | Build | Farm |
| 22:38 | Build | Farm |
| 22:39 | Build | Farm |
| 22:39 | Build | Farm |
| 22:46 | Build | Farm |
| 22:46 | Build | Farm |
| 22:49 | Create | Villager (Male) |
| 22:50 | Create | Villager (Male) |
| 22:50 | Create | Villager (Male) |
| 22:50 | Create | Villager (Male) |
| 23:19 | Create | Villager (Male) |
| 23:19 | Create | Villager (Male) |
| 23:19 | Create | Villager (Male) |
| 23:20 | Create | Villager (Male) |
| 23:37 | Create | Villager (Male) |
| 23:37 | Create | Villager (Male) |
| 23:38 | Create | Villager (Male) |
| 23:43 | Build | Farm |
| 23:43 | Build | Farm |
| 23:56 | Create | Villager (Male) |
| 23:56 | Create | Villager (Male) |
| 23:56 | Create | Villager (Male) |
| 23:56 | Create | Villager (Male) |
| 24:20 | Research | Wheelbarrow |
| 24:21 | Research | Wheelbarrow |
Build order — mbuenrostro56
First 150 of 198 actions detected
| 0:07 | Create | Villager (Male) |
| 0:08 | Research | Loom |
| 0:08 | Create | Villager (Male) |
| 0:08 | Create | Villager (Male) |
| 0:09 | Create | Villager (Male) |
| 0:17 | Build | House |
| 0:26 | Build | House |
| 1:57 | Create | Villager (Male) |
| 1:57 | Create | Villager (Male) |
| 2:28 | Create | Villager (Male) |
| 2:37 | Build | Lumber Camp |
| 2:49 | Create | Villager (Male) |
| 3:17 | Create | Villager (Male) |
| 3:40 | Create | Villager (Male) |
| 4:10 | Create | Villager (Male) |
| 4:13 | Build | House |
| 4:19 | Build | House |
| 4:32 | Create | Villager (Male) |
| 4:47 | Build | Mill |
| 5:01 | Create | Villager (Male) |
| 5:26 | Create | Villager (Male) |
| 5:50 | Create | Villager (Male) |
| 6:25 | Create | Villager (Male) |
| 6:44 | Create | Villager (Male) |
| 7:12 | Create | Villager (Male) |
| 7:12 | Create | Villager (Male) |
| 7:31 | Create | Villager (Male) |
| 7:55 | Create | Villager (Male) |
| 8:40 | Build | Mining Camp |
| 8:54 | Research | Feudal Age |
| 9:03 | Build | Farm |
| 9:06 | Build | Farm |
| 9:11 | Build | Farm |
| 9:30 | Build | Mill |
| 10:06 | Create | Villager (Male) |
| 10:06 | Create | Villager (Male) |
| 10:07 | Create | Villager (Male) |
| 10:18 | Build | House |
| 10:19 | Build | House |
| 10:21 | Build | House |
| 11:05 | Age | Feudal Age |
| 11:16 | Build | Market |
| 11:24 | Build | Blacksmith |
| 12:00 | Create | Villager (Male) |
| 12:35 | Create | Villager (Male) |
| 13:01 | Build | Mining Camp |
| 13:15 | Research | Castle Age |
| 13:52 | Research | Stone Mining |
| 14:06 | Build | Farm |
| 14:06 | Build | Farm |
| 14:07 | Build | Farm |
| 14:07 | Build | Farm |
| 14:09 | Build | Farm |
| 14:12 | Build | Farm |
| 14:18 | Research | Double-Bit Axe |
| 14:41 | Create | Villager (Male) |
| 15:22 | Create | Villager (Male) |
| 15:31 | Create | Villager (Male) |
| 15:55 | Age | Castle Age |
| 16:34 | Build | Castle |
| 17:01 | Create | Villager (Male) |
| 17:02 | Create | Villager (Male) |
| 17:05 | Research | Horse Collar |
| 17:54 | Create | Villager (Male) |
| 17:54 | Create | Villager (Male) |
| 17:54 | Create | Villager (Male) |
| 18:29 | Build | Siege Workshop |
| 18:42 | Build | Mining Camp |
| 18:45 | Create | Villager (Male) |
| 18:50 | Research | Gold Mining |
| 18:55 | Create | Battering Ram |
| 18:56 | Create | Battering Ram |
| 19:04 | Create | Organ Gun |
| 19:30 | Build | Stone Wall |
| 19:35 | Create | Organ Gun |
| 19:52 | Create | Organ Gun |
| 19:54 | Create | Villager (Male) |
| 19:55 | Create | Villager (Male) |
| 20:11 | Create | Petard |
| 20:11 | Create | Petard |
| 20:50 | Create | Organ Gun |
| 20:55 | Create | Villager (Male) |
| 20:55 | Create | Villager (Male) |
| 21:14 | Create | Organ Gun |
| 21:14 | Create | Organ Gun |
| 22:01 | Create | Villager (Male) |
| 22:02 | Create | Villager (Male) |
| 22:02 | Create | Villager (Male) |
| 22:08 | Create | Organ Gun |
| 22:34 | Build | Castle |
| 22:42 | Create | Organ Gun |
| 22:42 | Create | Organ Gun |
| 23:06 | Create | Villager (Male) |
| 23:06 | Create | Villager (Male) |
| 23:24 | Create | Battering Ram |
| 23:49 | Create | Villager (Male) |
| 23:50 | Create | Villager (Male) |
| 24:11 | Create | Organ Gun |
| 24:12 | Create | Organ Gun |
| 24:36 | Build | Castle |
| 24:55 | Build | Castle |
| 25:45 | Create | Organ Gun |
| 25:46 | Create | Organ Gun |
| 25:52 | Create | Organ Gun |
| 25:52 | Create | Organ Gun |
| 26:01 | Create | Villager (Male) |
| 26:01 | Create | Villager (Male) |
| 26:01 | Create | Villager (Male) |
| 26:39 | Build | Mining Camp |
| 26:50 | Create | Villager (Male) |
| 26:51 | Create | Villager (Male) |
| 26:53 | Research | Wheelbarrow |
| 27:35 | Create | Villager (Male) |
| 27:39 | Create | Battering Ram |
| 28:08 | Create | Villager (Male) |
| 28:08 | Create | Villager (Male) |
| 29:14 | Create | Villager (Male) |
| 29:14 | Create | Villager (Male) |
| 29:24 | Create | Organ Gun |
| 29:24 | Create | Organ Gun |
| 29:24 | Create | Organ Gun |
| 29:24 | Create | Organ Gun |
| 30:30 | Create | Organ Gun |
| 30:31 | Create | Organ Gun |
| 30:34 | Create | Villager (Male) |
| 30:34 | Create | Villager (Male) |
| 31:19 | Create | Organ Gun |
| 31:19 | Create | Organ Gun |
| 31:20 | Create | Organ Gun |
| 31:20 | Create | Organ Gun |
| 31:20 | Create | Organ Gun |
| 31:20 | Create | Organ Gun |
| 32:13 | Create | Organ Gun |
| 32:13 | Create | Organ Gun |
| 32:13 | Create | Organ Gun |
| 32:14 | Create | Organ Gun |
| 32:14 | Create | Organ Gun |
| 32:52 | Create | Battering Ram |
| 32:53 | Create | Battering Ram |
| 33:14 | Create | Villager (Male) |
| 33:15 | Research | Hand Cart |
| 34:31 | Create | Villager (Male) |
| 34:31 | Create | Villager (Male) |
| 34:31 | Create | Villager (Male) |
| 34:40 | Build | Farm |
| 34:40 | Build | Farm |
| 34:40 | Build | Farm |
| 34:40 | Build | Farm |
| 34:40 | Build | Farm |
| 34:41 | Build | Farm |
Build order — Padmé
First 150 of 362 actions detected
| 0:01 | Create | Villager (Male) |
| 0:01 | Create | Villager (Male) |
| 0:01 | Create | Villager (Male) |
| 0:02 | Create | Villager (Male) |
| 0:02 | Build | House |
| 0:04 | Build | House |
| 0:12 | Create | Villager (Male) |
| 1:32 | Create | Villager (Male) |
| 1:54 | Build | Lumber Camp |
| 2:17 | Create | Villager (Male) |
| 2:47 | Create | Villager (Male) |
| 3:10 | Create | Villager (Male) |
| 3:11 | Create | Villager (Male) |
| 3:24 | Create | Villager (Male) |
| 3:54 | Build | House |
| 4:03 | Create | Villager (Male) |
| 4:28 | Build | House |
| 4:28 | Build | House |
| 4:31 | Create | Villager (Male) |
| 4:44 | Build | Mill |
| 5:00 | Create | Villager (Male) |
| 5:00 | Create | Villager (Male) |
| 5:24 | Create | Villager (Male) |
| 5:44 | Create | Villager (Male) |
| 6:09 | Create | Villager (Male) |
| 6:10 | Create | Villager (Male) |
| 6:34 | Create | Villager (Male) |
| 7:03 | Build | Mining Camp |
| 7:11 | Create | Villager (Male) |
| 7:48 | Create | Villager (Male) |
| 8:14 | Create | Villager (Male) |
| 8:55 | Research | Loom |
| 9:06 | Research | Feudal Age |
| 9:54 | Build | Mining Camp |
| 10:36 | Build | Farm |
| 10:38 | Build | Farm |
| 10:39 | Build | Farm |
| 10:41 | Build | Farm |
| 11:09 | Create | Villager (Male) |
| 11:10 | Age | Feudal Age |
| 11:14 | Build | Blacksmith |
| 11:17 | Build | Market |
| 11:33 | Create | Villager (Male) |
| 11:37 | Build | Farm |
| 11:55 | Create | Villager (Male) |
| 11:59 | Build | Farm |
| 12:17 | Create | Villager (Male) |
| 12:24 | Build | Farm |
| 12:29 | Build | House |
| 12:43 | Create | Villager (Male) |
| 12:49 | Build | Farm |
| 13:07 | Create | Villager (Male) |
| 13:15 | Build | Farm |
| 13:18 | Create | Villager (Male) |
| 14:01 | Build | Farm |
| 14:05 | Research | Castle Age |
| 14:19 | Build | Lumber Camp |
| 14:38 | Research | Horse Collar |
| 14:40 | Research | Double-Bit Axe |
| 15:32 | Build | House |
| 15:37 | Create | Villager (Male) |
| 16:06 | Create | Villager (Male) |
| 16:30 | Age | Castle Age |
| 16:35 | Build | Town Center |
| 16:47 | Build | Town Center |
| 16:54 | Research | Wheelbarrow |
| 17:25 | Build | Town Center |
| 17:33 | Create | Villager (Male) |
| 17:33 | Create | Villager (Male) |
| 17:58 | Build | Barracks |
| 18:03 | Create | Villager (Male) |
| 18:03 | Create | Villager (Male) |
| 18:17 | Create | Villager (Male) |
| 18:17 | Create | Villager (Male) |
| 18:49 | Create | Villager (Male) |
| 18:49 | Create | Villager (Male) |
| 18:53 | Create | Villager (Male) |
| 18:57 | Build | Farm |
| 18:59 | Create | Villager (Male) |
| 19:14 | Build | Farm |
| 19:16 | Build | Farm |
| 19:18 | Build | House |
| 19:19 | Build | House |
| 19:21 | Build | Farm |
| 19:23 | Build | Farm |
| 19:28 | Build | Farm |
| 19:29 | Create | Villager (Male) |
| 19:32 | Build | Farm |
| 19:34 | Build | Farm |
| 19:39 | Create | Villager (Male) |
| 19:39 | Create | Villager (Male) |
| 19:41 | Create | Villager (Male) |
| 19:43 | Create | Villager (Male) |
| 19:47 | Build | Farm |
| 19:49 | Build | Farm |
| 20:00 | Create | Villager (Male) |
| 20:05 | Create | Villager (Male) |
| 20:10 | Build | Farm |
| 20:11 | Create | Villager (Male) |
| 20:15 | Build | Farm |
| 20:21 | Create | Villager (Male) |
| 20:24 | Create | Villager (Male) |
| 20:24 | Create | Villager (Male) |
| 20:28 | Build | House |
| 20:34 | Build | Farm |
| 20:35 | Create | Villager (Male) |
| 20:36 | Create | Villager (Male) |
| 20:38 | Create | Villager (Male) |
| 20:46 | Build | Farm |
| 20:48 | Create | Villager (Male) |
| 20:49 | Create | Villager (Male) |
| 20:57 | Build | Stable |
| 21:05 | Build | House |
| 21:08 | Create | Villager (Male) |
| 21:25 | Create | Villager (Male) |
| 21:28 | Create | Villager (Male) |
| 21:28 | Create | Villager (Male) |
| 21:30 | Create | Villager (Male) |
| 21:32 | Create | Villager (Male) |
| 21:32 | Create | Villager (Male) |
| 21:35 | Build | House |
| 21:44 | Research | Forging |
| 21:44 | Research | Forging |
| 21:53 | Create | Villager (Male) |
| 21:58 | Build | Stable |
| 22:02 | Build | Farm |
| 22:04 | Build | Farm |
| 22:06 | Build | Farm |
| 22:10 | Create | Knight |
| 22:10 | Create | Knight |
| 22:28 | Build | Farm |
| 22:31 | Build | Farm |
| 22:32 | Build | House |
| 22:33 | Build | House |
| 22:37 | Create | Knight |
| 22:40 | Create | Knight |
| 22:41 | Create | Knight |
| 22:51 | Build | Stable |
| 22:55 | Create | Villager (Male) |
| 22:55 | Create | Villager (Male) |
| 23:00 | Create | Villager (Male) |
| 23:00 | Create | Villager (Male) |
| 23:02 | Create | Villager (Male) |
| 23:03 | Create | Villager (Male) |
| 23:05 | Create | Villager (Male) |
| 23:05 | Create | Villager (Male) |
| 23:09 | Build | Lumber Camp |
| 23:19 | Create | Knight |
| 23:19 | Create | Knight |
| 23:19 | Create | Knight |
Build order — josefatapiai
First 150 of 438 actions detected
| 0:01 | Create | Villager (Male) |
| 0:01 | Create | Villager (Male) |
| 0:02 | Create | Villager (Male) |
| 0:04 | Build | House |
| 0:06 | Build | House |
| 0:11 | Create | Villager (Male) |
| 0:11 | Create | Villager (Male) |
| 1:26 | Create | Villager (Male) |
| 1:26 | Create | Villager (Male) |
| 1:52 | Build | Lumber Camp |
| 2:02 | Create | Villager (Male) |
| 2:02 | Create | Villager (Male) |
| 2:19 | Create | Villager (Male) |
| 2:51 | Create | Villager (Male) |
| 2:52 | Create | Villager (Male) |
| 3:09 | Create | Villager (Male) |
| 3:09 | Create | Villager (Male) |
| 3:38 | Create | Villager (Male) |
| 3:38 | Create | Villager (Male) |
| 4:03 | Build | House |
| 4:12 | Create | Villager (Male) |
| 4:22 | Build | Mill |
| 4:27 | Create | Villager (Male) |
| 4:27 | Create | Villager (Male) |
| 5:00 | Create | Villager (Male) |
| 5:01 | Create | Villager (Male) |
| 5:40 | Create | Villager (Male) |
| 5:56 | Create | Villager (Male) |
| 5:56 | Create | Villager (Male) |
| 6:02 | Build | Lumber Camp |
| 6:09 | Create | Villager (Male) |
| 6:09 | Create | Villager (Male) |
| 6:22 | Build | House |
| 6:45 | Build | House |
| 7:10 | Create | Villager (Male) |
| 7:36 | Create | Villager (Male) |
| 7:51 | Build | Mining Camp |
| 8:04 | Create | Villager (Male) |
| 8:12 | Create | Villager (Male) |
| 8:37 | Build | Mining Camp |
| 8:51 | Create | Villager (Male) |
| 9:11 | Build | Mill |
| 9:26 | Create | Villager (Male) |
| 9:27 | Create | Villager (Male) |
| 9:32 | Create | Villager (Male) |
| 9:59 | Research | Feudal Age |
| 10:21 | Build | Farm |
| 10:23 | Build | Farm |
| 10:24 | Build | Farm |
| 10:26 | Build | Farm |
| 10:27 | Build | Farm |
| 10:28 | Build | Farm |
| 12:26 | Age | Feudal Age |
| 12:30 | Create | Villager (Male) |
| 12:30 | Create | Villager (Male) |
| 12:37 | Build | Market |
| 12:46 | Build | Blacksmith |
| 13:26 | Create | Villager (Male) |
| 13:38 | Research | Castle Age |
| 13:38 | Research | Castle Age |
| 14:05 | Build | Farm |
| 14:06 | Build | Farm |
| 14:07 | Build | Farm |
| 14:09 | Build | Farm |
| 14:44 | Build | House |
| 14:45 | Build | House |
| 15:06 | Research | Horse Collar |
| 15:06 | Research | Double-Bit Axe |
| 15:33 | Build | House |
| 16:18 | Age | Castle Age |
| 16:30 | Create | Villager (Male) |
| 16:30 | Create | Villager (Male) |
| 16:33 | Build | Town Center |
| 16:39 | Build | House |
| 16:48 | Build | Town Center |
| 16:51 | Build | Town Center |
| 17:09 | Create | Villager (Male) |
| 17:14 | Build | House |
| 17:31 | Create | Villager (Male) |
| 18:30 | Create | Villager (Male) |
| 18:30 | Create | Villager (Male) |
| 18:34 | Build | House |
| 18:38 | Create | Villager (Male) |
| 18:39 | Create | Villager (Male) |
| 19:00 | Create | Villager (Male) |
| 19:01 | Create | Villager (Male) |
| 19:05 | Build | Farm |
| 19:07 | Build | Farm |
| 19:09 | Build | House |
| 19:13 | Build | Farm |
| 19:15 | Build | Farm |
| 19:15 | Create | Villager (Male) |
| 19:15 | Create | Villager (Male) |
| 19:16 | Create | Villager (Male) |
| 19:20 | Create | Villager (Male) |
| 19:20 | Create | Villager (Male) |
| 19:31 | Build | Farm |
| 19:33 | Build | Farm |
| 19:36 | Create | Villager (Male) |
| 19:41 | Build | Farm |
| 19:44 | Build | Farm |
| 19:46 | Build | Farm |
| 19:49 | Build | House |
| 20:00 | Create | Villager (Male) |
| 20:02 | Create | Villager (Male) |
| 20:03 | Create | Villager (Male) |
| 20:03 | Create | Villager (Male) |
| 20:05 | Create | Villager (Male) |
| 20:16 | Build | Farm |
| 20:21 | Create | Villager (Male) |
| 20:22 | Create | Villager (Male) |
| 20:24 | Create | Villager (Male) |
| 20:27 | Build | House |
| 20:28 | Build | House |
| 20:29 | Create | Villager (Male) |
| 20:32 | Build | Farm |
| 20:33 | Create | Villager (Male) |
| 20:40 | Build | Farm |
| 20:41 | Build | Farm |
| 20:46 | Build | Farm |
| 20:47 | Build | Farm |
| 20:49 | Build | Farm |
| 20:53 | Create | Villager (Male) |
| 20:54 | Create | Villager (Male) |
| 20:55 | Create | Villager (Male) |
| 21:00 | Build | House |
| 21:05 | Create | Villager (Male) |
| 21:05 | Create | Villager (Male) |
| 21:10 | Create | Villager (Male) |
| 21:11 | Create | Villager (Male) |
| 21:16 | Build | Farm |
| 21:23 | Create | Villager (Male) |
| 21:26 | Build | Farm |
| 21:41 | Create | Villager (Male) |
| 21:42 | Create | Villager (Male) |
| 21:42 | Create | Villager (Male) |
| 21:42 | Create | Villager (Male) |
| 21:49 | Create | Villager (Male) |
| 21:54 | Create | Villager (Male) |
| 22:04 | Create | Villager (Male) |
| 22:05 | Create | Villager (Male) |
| 22:10 | Build | House |
| 22:13 | Create | Villager (Male) |
| 22:13 | Create | Villager (Male) |
| 22:19 | Create | Villager (Male) |
| 22:26 | Build | Farm |
| 22:27 | Build | Farm |
| 22:28 | Build | Farm |
| 22:31 | Build | Farm |
| 22:32 | Create | Villager (Male) |
Build order — Bammo
102 actions detected in the replay
| 0:01 | Create | Villager (Male) |
| 0:02 | Create | Villager (Male) |
| 0:02 | Create | Villager (Male) |
| 0:03 | Create | Villager (Male) |
| 0:03 | Create | Villager (Male) |
| 0:07 | Build | House |
| 0:11 | Build | House |
| 1:56 | Build | Lumber Camp |
| 2:01 | Create | Villager (Male) |
| 2:01 | Create | Villager (Male) |
| 2:01 | Create | Villager (Male) |
| 2:44 | Create | Villager (Male) |
| 2:44 | Create | Villager (Male) |
| 2:46 | Research | Loom |
| 3:39 | Create | Villager (Male) |
| 3:40 | Create | Villager (Male) |
| 3:40 | Create | Villager (Male) |
| 3:56 | Build | House |
| 4:01 | Build | House |
| 4:08 | Create | Villager (Male) |
| 4:24 | Create | Villager (Male) |
| 5:31 | Build | Mill |
| 5:47 | Create | Villager (Male) |
| 5:47 | Create | Villager (Male) |
| 6:42 | Create | Villager (Male) |
| 6:42 | Create | Villager (Male) |
| 6:43 | Create | Villager (Male) |
| 7:40 | Create | Villager (Male) |
| 7:41 | Create | Villager (Male) |
| 8:07 | Build | Mining Camp |
| 9:11 | Research | Feudal Age |
| 10:18 | Create | Villager (Male) |
| 10:19 | Create | Villager (Male) |
| 11:21 | Age | Feudal Age |
| 11:30 | Build | Market |
| 11:36 | Build | Blacksmith |
| 11:52 | Build | Mining Camp |
| 12:13 | Create | Villager (Male) |
| 12:21 | Build | House |
| 12:41 | Build | House |
| 14:43 | Research | Castle Age |
| 15:06 | Build | Farm |
| 15:21 | Build | Farm |
| 15:21 | Build | Farm |
| 15:22 | Build | Farm |
| 16:28 | Create | Villager (Male) |
| 16:28 | Create | Villager (Male) |
| 17:23 | Age | Castle Age |
| 17:26 | Build | Castle |
| 17:32 | Create | Villager (Male) |
| 17:33 | Create | Villager (Male) |
| 18:35 | Create | Villager (Male) |
| 18:39 | Create | Villager (Male) |
| 18:45 | Create | Ghulam |
| 18:53 | Create | Ghulam |
| 19:35 | Create | Villager (Male) |
| 19:45 | Build | Farm |
| 19:46 | Build | Farm |
| 19:46 | Build | Farm |
| 20:03 | Build | Lumber Camp |
| 20:14 | Build | Farm |
| 20:16 | Build | Farm |
| 20:35 | Create | Ghulam |
| 20:37 | Create | Ghulam |
| 20:43 | Create | Villager (Male) |
| 21:33 | Create | Ghulam |
| 21:33 | Create | Ghulam |
| 21:38 | Create | Villager (Male) |
| 21:38 | Create | Villager (Male) |
| 22:03 | Create | Villager (Male) |
| 22:26 | Build | Siege Workshop |
| 22:45 | Create | Ghulam |
| 22:45 | Create | Ghulam |
| 23:18 | Create | Mangonel |
| 23:20 | Create | Mangonel |
| 23:56 | Create | Mangonel |
| 24:02 | Create | Ghulam |
| 24:02 | Create | Ghulam |
| 28:08 | Build | Town Center |
| 29:12 | Build | Town Center |
| 30:12 | Create | Villager (Male) |
| 30:46 | Create | Villager (Male) |
| 31:03 | Build | Farm |
| 31:03 | Build | Farm |
| 31:04 | Build | Farm |
| 31:04 | Build | Farm |
| 31:04 | Build | Farm |
| 31:05 | Build | Farm |
| 31:05 | Build | Farm |
| 32:24 | Create | Villager (Male) |
| 32:29 | Build | Farm |
| 32:34 | Build | Farm |
| 32:54 | Create | Villager (Male) |
| 33:00 | Create | Villager (Male) |
| 33:06 | Build | Farm |
| 33:27 | Create | Villager (Male) |
| 33:30 | Create | Villager (Male) |
| 33:49 | Build | House |
| 33:52 | Build | House |
| 33:54 | Build | House |
| 33:55 | Build | House |
| 33:58 | Create | Villager (Male) |
Build order — 菜鸟的报复
First 150 of 195 actions detected
| 0:04 | Create | Villager (Male) |
| 0:05 | Create | Villager (Male) |
| 0:05 | Create | Villager (Male) |
| 0:05 | Create | Villager (Male) |
| 0:06 | Create | Villager (Male) |
| 0:13 | Build | House |
| 0:18 | Build | House |
| 1:37 | Create | Villager (Male) |
| 1:38 | Create | Villager (Male) |
| 1:57 | Build | Lumber Camp |
| 2:15 | Create | Villager (Male) |
| 2:16 | Create | Villager (Male) |
| 2:32 | Create | Villager (Male) |
| 2:32 | Create | Villager (Male) |
| 2:41 | Build | House |
| 3:03 | Create | Villager (Male) |
| 3:03 | Create | Villager (Male) |
| 3:24 | Create | Villager (Male) |
| 3:24 | Create | Villager (Male) |
| 4:01 | Create | Villager (Male) |
| 4:01 | Create | Villager (Male) |
| 4:21 | Create | Villager (Male) |
| 4:21 | Create | Villager (Male) |
| 4:47 | Create | Villager (Male) |
| 4:47 | Create | Villager (Male) |
| 4:48 | Create | Villager (Male) |
| 5:03 | Build | House |
| 5:07 | Create | Villager (Male) |
| 5:07 | Create | Villager (Male) |
| 5:43 | Create | Villager (Male) |
| 5:48 | Create | Villager (Male) |
| 5:48 | Create | Villager (Male) |
| 6:04 | Build | Mill |
| 6:11 | Create | Villager (Male) |
| 6:23 | Build | Mill |
| 6:37 | Create | Villager (Male) |
| 7:54 | Build | Mining Camp |
| 7:59 | Research | Feudal Age |
| 8:53 | Create | Villager (Male) |
| 8:54 | Create | Villager (Male) |
| 10:21 | Age | Feudal Age |
| 10:25 | Build | Blacksmith |
| 10:32 | Build | Market |
| 11:23 | Build | Mining Camp |
| 12:05 | Research | Castle Age |
| 12:52 | Research | Stone Mining |
| 13:11 | Build | Farm |
| 13:12 | Build | Farm |
| 13:24 | Build | Farm |
| 13:33 | Build | Farm |
| 13:57 | Build | Farm |
| 14:19 | Build | Farm |
| 14:23 | Create | Villager (Male) |
| 14:36 | Build | House |
| 14:45 | Age | Castle Age |
| 15:00 | Research | Double-Bit Axe |
| 15:16 | Build | Castle |
| 15:24 | Build | Farm |
| 15:30 | Create | Villager (Male) |
| 16:08 | Create | Villager (Male) |
| 16:13 | Build | Farm |
| 16:41 | Create | Mangudai |
| 16:45 | Create | Villager (Male) |
| 16:56 | Build | Farm |
| 17:04 | Create | Petard |
| 17:18 | Create | Mangudai |
| 17:32 | Create | Villager (Male) |
| 17:48 | Create | Petard |
| 17:50 | Create | Mangudai |
| 18:01 | Build | Farm |
| 18:10 | Build | Farm |
| 18:15 | Create | Villager (Male) |
| 18:36 | Research | Fletching |
| 18:40 | Create | Mangudai |
| 18:52 | Create | Villager (Male) |
| 19:09 | Create | Mangudai |
| 19:22 | Create | Villager (Male) |
| 19:27 | Create | Mangudai |
| 19:39 | Research | Padded Archer Armor |
| 19:49 | Create | Mangudai |
| 20:17 | Create | Mangudai |
| 20:22 | Create | Villager (Male) |
| 20:42 | Research | Leather Archer Armor |
| 21:36 | Research | Bodkin Arrow |
| 21:39 | Create | Mangudai |
| 21:39 | Create | Mangudai |
| 21:39 | Create | Mangudai |
| 22:07 | Create | Villager (Male) |
| 22:13 | Build | Farm |
| 22:14 | Build | Farm |
| 22:21 | Build | Farm |
| 22:22 | Build | Farm |
| 22:24 | Build | Farm |
| 22:28 | Create | Villager (Male) |
| 22:32 | Create | Mangudai |
| 22:32 | Create | Mangudai |
| 23:01 | Build | House |
| 23:07 | Create | Villager (Male) |
| 23:07 | Create | Villager (Male) |
| 23:51 | Build | Farm |
| 24:06 | Build | Castle |
| 25:05 | Create | Villager (Male) |
| 25:05 | Create | Villager (Male) |
| 25:05 | Create | Villager (Male) |
| 25:37 | Build | Siege Workshop |
| 25:44 | Create | Mangudai |
| 25:45 | Create | Mangudai |
| 25:57 | Create | Villager (Male) |
| 26:29 | Research | Gold Mining |
| 26:34 | Create | Villager (Male) |
| 26:34 | Create | Villager (Male) |
| 27:51 | Create | Villager (Male) |
| 27:52 | Create | Villager (Male) |
| 27:52 | Create | Villager (Male) |
| 27:52 | Create | Villager (Male) |
| 27:52 | Create | Villager (Male) |
| 28:23 | Build | House |
| 28:24 | Build | House |
| 28:45 | Build | Town Center |
| 29:29 | Build | House |
| 29:32 | Create | Mangudai |
| 29:33 | Create | Mangudai |
| 29:52 | Research | Imperial Age |
| 30:06 | Research | Horse Collar |
| 30:10 | Research | Bow Saw |
| 30:12 | Create | Villager (Male) |
| 30:13 | Create | Villager (Male) |
| 30:13 | Create | Villager (Male) |
| 30:25 | Build | House |
| 30:37 | Create | Villager (Male) |
| 30:37 | Create | Villager (Male) |
| 31:13 | Build | Barracks |
| 31:29 | Create | Villager (Male) |
| 31:29 | Create | Villager (Male) |
| 31:33 | Build | Farm |
| 31:45 | Build | Mining Camp |
| 31:50 | Create | Mangudai |
| 31:50 | Create | Mangudai |
| 32:03 | Build | Farm |
| 32:14 | Build | Stable |
| 32:18 | Create | Villager (Male) |
| 32:18 | Create | Villager (Male) |
| 32:26 | Create | Mangudai |
| 32:27 | Create | Mangudai |
| 32:47 | Create | Villager (Male) |
| 32:47 | Create | Villager (Male) |
| 33:03 | Research | Wheelbarrow |
| 33:05 | Age | Imperial Age |
| 33:08 | Create | Villager (Male) |
| 33:08 | Create | Villager (Male) |
Match timeline
| 4:34 | fabiangvillat · wall_segment Palisade Wall x1 |
| 4:36 | fabiangvillat · wall_segment Palisade Wall x1 |
| 4:37 | fabiangvillat · wall_segment Palisade Wall x1 |
| 4:41 | fabiangvillat · wall_segment Palisade Wall x1 |
| 4:43 | fabiangvillat · wall_segment Palisade Wall x1 |
| 7:06 | fabiangvillat · wall_segment Palisade Wall x1 |
| 9:24 | Darob · age_up feudal |
| 10:21 | 菜鸟的报复 · age_up feudal |
| 11:05 | mbuenrostro56 · age_up feudal |
| 11:10 | Padmé · age_up feudal |
| 11:21 | Bammo · age_up feudal |
| 11:47 | fabiangvillat · age_up feudal |
| 12:26 | josefatapiai · age_up feudal |
| 12:52 | Bammo · first_market_sell 100 wood |
| 12:55 | Bammo · first_market_buy 100 food |
| 14:11 | fabiangvillat · first_building Barracks |
| 14:45 | 菜鸟的报复 · age_up castle |
| 15:16 | 菜鸟的报复 · first_building Castle |
| 15:27 | fabiangvillat · age_up castle |
| 15:33 | fabiangvillat · first_building Monastery |
| 15:40 | fabiangvillat · first_building Stable |
| 15:55 | mbuenrostro56 · age_up castle |
| 16:18 | josefatapiai · age_up castle |
| 16:30 | Padmé · age_up castle |
| 16:34 | mbuenrostro56 · first_building Castle |
| 17:23 | Bammo · age_up castle |
| 17:26 | Bammo · first_building Castle |
| 17:58 | Padmé · first_building Barracks |
| 18:29 | mbuenrostro56 · first_building Siege Workshop |
| 19:01 | Darob · age_up castle |
| 19:30 | mbuenrostro56 · wall_segment Stone Wall x6 |
| 20:43 | BP Charly · first_building Castle |
| 20:55 | Padmé · first_market_buy 100 wood |
| 20:57 | Padmé · first_building Stable |
| 22:26 | Bammo · first_building Siege Workshop |
| 23:56 | Padmé · first_building Monastery |
| 24:24 | fabiangvillat · first_market_buy 100 food |
| 24:37 | Darob · first_market_buy 100 stone |
| 25:37 | 菜鸟的报复 · first_building Siege Workshop |
| 26:30 | Darob · first_building Monastery |
| 27:44 | josefatapiai · first_building Monastery |
| 28:21 | Padmé · first_market_sell 100 wood |
| 28:47 | josefatapiai · first_building Castle |
| 29:03 | fabiangvillat · first_building Castle |
| 30:25 | BP Charly · first_building Barracks |
| 30:48 | Padmé · first_building Castle |
| 31:06 | BP Charly · first_market_buy 100 stone |
| 31:13 | 菜鸟的报复 · first_building Barracks |
| 31:29 | Darob · first_building Barracks |
| 31:38 | 菜鸟的报复 · first_market_buy 100 wood |
| 31:47 | Darob · age_up imperial |
| 32:04 | josefatapiai · age_up imperial |
| 32:14 | Padmé · age_up imperial |
| 32:14 | 菜鸟的报复 · first_building Stable |
| 32:27 | josefatapiai · first_building Siege Workshop |
| 33:03 | josefatapiai · first_building Barracks |
| 33:05 | 菜鸟的报复 · age_up imperial |
| 33:41 | Padmé · wall_segment Stone Wall x19 |
| 33:49 | josefatapiai · first_building Archery Range |
| 34:14 | Darob · first_building Castle |
| 34:30 | fabiangvillat · age_up imperial |
| 34:34 | Bammo · resign |
| 34:55 | Padmé · wall_segment Stone Wall x10 |
| 35:31 | Darob · first_building Archery Range |
| 35:58 | josefatapiai · first_building Stable |
| 37:28 | mbuenrostro56 · first_building Barracks |
| 38:20 | Padmé · first_building Archery Range |
| 40:16 | mbuenrostro56 · first_building Stable |
| 40:19 | mbuenrostro56 · age_up imperial |
[ AI ANALYSIS · 1 CREDIT ]
What really happened in this match?
Wolo.gg analyzes every decision: build order, eco, micro, common mistakes by bracket. Personalized analysis on WhatsApp or Discord in 30 seconds.
Civ guide
Persians
Map guide
Arena
Perfil
Darob